 Dungeon Crawl Stone Soup version 0.27-a0-538-g15ff5c5295 (webtiles) character file.

Game seed: 4052314321946428154

933 sahdkjhfkaj the Skirmisher (level 8, -4/81 HPs)
             Began as an Ogre Transmuter on Mar 6, 2021.
             Was an Initiate of Gozag.
             Slain by a bullfrog (8 damage)
             ... on level 7 of the Dungeon.
             The game lasted 00:05:00 (7984 turns).

sahdkjhfkaj the Skirmisher (Ogre Transmuter)        Turns: 7984, Time: 00:05:01

Health: -4/81      AC:  3    Str: 17    XL:     8   Next: 11%
Magic:  14/14      EV:  9    Int: 14    God:    Gozag
Gold:   373        SH:  0    Dex:  9    Spells: 15/16 levels left

rFire    . . .     SeeInvis .     - Unarmed
rCold    . . .     Faith    .   (no shield)
rNeg     . . .     Spirit   .   a - +0 robe
rPois    .         Reflect  .   (helmet currently unavailable)
rElec    .         Harm     .   (no cloak)
rCorr    .         Rampage  .   (gloves unavailable)
Will     .....                  (boots unavailable)
Stlth    +.........             (no amulet)
HPRegen  0.23/turn              (no ring)
MPRegen  0.14/turn              (no ring)

@: appendages
A: large, unfitting armour, horns 2, talons 2, tough skin 1
a: End Transformation, Renounce Religion, Potion Petition, Call Merchant, Bribe
Branch


You were on level 7 of the Dungeon.
You worshipped Gozag.
Gozag was aware of your devotion.
You had grown temporary horns.
You had grown temporary talons.
You visited 1 branch of the dungeon, and saw 7 of its levels.

You collected 441 gold pieces.
You paid 68 gold pieces to Gozag.

Inventory:

Armour
 a - a +0 robe (worn)
Jewellery
 m - a +6 ring of intelligence
Wands
 g - a wand of paralysis (11)
 o - a wand of polymorph (11)
Scrolls
 b - 2 scrolls of identify
 c - a scroll of enchant weapon
 d - 4 scrolls of enchant armour
 e - 2 scrolls of teleportation
 i - 2 scrolls of magic mapping
 k - a scroll of fear
Potions
 f - a potion of attraction
 h - a potion of magic
 j - 3 potions of curing
 n - a potion of degeneration {unknown}
 p - a potion of brilliance {unknown}
 q - a potion of lignification {unknown}
 r - a potion of flight {unknown}


   Skills:
 + Level 5.4 Fighting
 - Level 1.7 Dodging
 * Level 5.2 Unarmed Combat
 + Level 4.5 Spellcasting
 * Level 5.0 Transmutations


You had 15 spell levels left.
You knew the following spells:

 Your Spells              Type           Power      Damage    Failure   Level
a - Beastly Appendage     Tmut           34%        N/A       2%          1

Your spell library contained the following spells:

 Spells                   Type           Power      Damage    Failure   Level
 Wereblood                Tmut           17%        N/A       3%          2
 Spider Form              Tmut/Pois      5%         N/A       21%         3
 Ice Form                 Ice/Tmut       10%        N/A       54%         4
 Blade Hands              Tmut           8%         N/A       54%         5


Dungeon Overview and Level Annotations

Branches:
Dungeon (6/15)
 Temple: D:4-7

Altars:
Elyvilon
Fedhas
Gozag
Kikubaaqudgha
Nemelex Xobeh
Qazlal
Sif Muna
Uskayaw
Vehumet
Xom
The Shining One

Shops:
D:5 (   D:6 [


Innate Abilities, Weirdness & Mutations

You are too large for most types of armour.
You have tough skin. (AC +1)
You have a pair of horns on your head.
You have razor-sharp toenails.


Message History

The bullfrog hits you!
* * * LOW HITPOINT WARNING * * *
You feel much better. The ice beast closely misses you. The bullfrog hits you.
Unknown command.
You hit the ice beast. You claw the ice beast!
The ice beast is heavily wounded.
The bullfrog hits you!
* * * LOW HITPOINT WARNING * * *
The ice beast barely misses you. The bullfrog closely misses you.
Unknown command.
You barely miss the ice beast.
The ice beast is heavily wounded.
The ice beast completely misses you. The bullfrog closely misses you.
Unknown command.
You hit the ice beast. You claw the ice beast.
You headbutt the ice beast, but do no damage.
The ice beast is severely wounded.
The bullfrog hits you!
* * * LOW HITPOINT WARNING * * *
The ice beast hits you.
* * * LOW HITPOINT WARNING * * *
The ice beast freezes you.
* * * LOW HITPOINT WARNING * * *
Unknown command.
Okay, then.
You feel better. The bullfrog hits you.
* * * LOW HITPOINT WARNING * * *
The ice beast barely misses you.
The bullfrog releases a deep croak.
The bullfrog hits you but does no damage.
You feel better. The bullfrog hits you.
* * * LOW HITPOINT WARNING * * *
The ice beast hits you but does no damage.
You feel better. The bullfrog closely misses you. The ice beast hits you.
* * * LOW HITPOINT WARNING * * *
The ice beast freezes you!
* * * LOW HITPOINT WARNING * * *
The bullfrog hits you!
You die...
Your body crumbles into a pile of gold.

#...# #..##
#..## #...#
#.#.# ...#$#
....##.#
####.
#.##########
#.
#...<.).Y@.#
#.
##########F#
$ .# .# .#
.# .# .#


You could see an ice beast and a bullfrog.

Vanquished Creatures
  Menkaure (D:4)
  A black bear (D:5)
  An ogre (D:5)
  A centaur (D:5)
  A bullfrog (D:7)
  2 scorpions
  A hound (D:5)
  An orc priest (D:4)
  Terence (D:3)
  4 worker ants
  A hound skeleton (D:5)
  9 adders
  2 white imps (D:5)
  An adder skeleton (D:4)
  2 dart slugs
  3 leopard geckos
  11 orcs
  5 bats
  5 giant cockroaches
  9 goblins
  12 hobgoblins
  2 jackals (D:1)
  8 kobolds
  4 quokkas
  A ball python (D:2)
  4 frilled lizards
  9 rats
102 creatures vanquished.

Notes
Turn   | Place    | Note
-------+----------+-------------------------------------------
     0 | D:1      | sahdkjhfkaj the Ogre Transmuter began the quest for the
                  | Orb.
     0 | D:1      | Reached XP level 1. HP: 19/19 MP: 3/3
   281 | D:1      | Reached XP level 2. HP: 19/29 MP: 3/5
  1168 | D:2      | Reached XP level 3. HP: 31/36 MP: 4/6
  1683 | D:2      | Reached XP level 4. HP: 30/45 MP: 6/8
  2841 | D:3      | Found a shimmering altar of Xom.
  3036 | D:3      | Reached XP level 5. HP: 47/53 MP: 7/9
  3185 | D:3      | Noticed Terence
  3192 | D:3      | Killed Terence
  3292 | D:3      | Found a sparkling altar of Nemelex Xobeh.
  3594 | D:4      | Reached XP level 6. HP: 19/62 MP: 8/11
  4168 | D:4      | Noticed Menkaure
  4179 | D:4      | HP: 2/62 [Menkaure/nerve-wracking pain (13)]
  4200 | D:3      | HP: 3/62 [giant cockroach (1)]
  4595 | D:4      | Found a hide-covered altar of Uskayaw.
  5068 | D:4      | Found an opulent altar of Gozag.
  5116 | D:4      | Became a worshipper of Gozag Ym Sagoz the Greedy
  5269 | D:4      | Killed Menkaure
  5270 | D:4      | Reached XP level 7. HP: 12/71 MP: 12/12
  5580 | D:5      | Entered Level 5 of the Dungeon
  5643 | D:5      | Found Plog's Antique Weapon Shop.
  6135 | D:5      | Found a stormy altar of Qazlal.
  6136 | D:5      | Found a shimmering blue altar of Sif Muna.
  6139 | D:5      | Found a radiant altar of Vehumet.
  6141 | D:5      | Found a white marble altar of Elyvilon.
  6192 | D:5      | Found a blossoming altar of Fedhas.
  6207 | D:5      | Reached skill level 5 in Fighting
  7048 | D:5      | Reached skill level 5 in Unarmed Combat
  7048 | D:5      | Reached XP level 8. HP: 10/80 MP: 14/14
  7577 | D:6      | Found a glowing golden altar of the Shining One.
  7590 | D:6      | Found Ryemp's Antique Armour Boutique.
  7655 | D:6      | Found an ancient bone altar of Kikubaaqudgha.
  7948 | D:6      | You fall into a shaft and drop 1 floor!
  7960 | D:7      | Reached skill level 5 in Transmutations
  7981 | D:7      | HP: 1/81 [ice beast (6)]
  7984 | D:7      | Slain by a bullfrog

Illustrated notes

Levels and vault maps discovered:
D:1:      dpeg_arrival_long_road, layout_loops_ring
D:2:      layout_loops_ring
D:3:      layout_rooms, xom_butterflies, nemelex_xobeh_ov_fountains_minmay,
          uniq_terence
D:4:      layout_cave_pools, eat_drink_and_be_merry_uskayaw, kennysheep_mini,
          nicolae_overflow_hidden_temple, uniq_menkaure
D:5:      black_bear_nest_2, layout_loops_ring, lemuel_doored_altar, minitemple,
          serial_shops, shop
D:6:      layout_layer_cave, old_standard_altar, serial_shops, shop,
          minmay_holes, tso_altar, uniq_eustachio, uniq_crazy_yiuf_cottage
D:7:      layout_loops_ring, minmay_temple_entry_butterflies,
          ebering_dispersal_statue_hall, minmay_quadrilaterals, uniq_maggie

Skill      XL: |  1  2  3  4  5  6  7  8 |
---------------+-------------------------+-----
Fighting       | 2 3 4 5 |  5.4
Transmutations | 2 3 4 5 |  5.0
Unarmed Combat | 3 4 5 |  5.2
Spellcasting   | 3 4 |  4.5
Dodging        | |  1.7

Action                   |  1- 3 |  4- 6 |  7- 9 || total
-------------------------+-------+-------+-------++-------
Melee: Unarmed           |   114 |   182 |    82 ||   378
       Kick              |    21 |    35 |    20 ||    76
       Headbutt          |    16 |    29 |     9 ||    54
       Punch             |       |     3 |       ||     3
 Cast: Beastly Appendage |    29 |    48 |    20 ||    97
Evoke: Wand              |       |       |     1 ||     1
  Use: Potion            |     1 |     2 |     6 ||     9
       Scroll            |       |     8 |       ||     8
 Stab: Paralysed         |       |       |     1 ||     1
Armor: Robe              |    30 |    34 |    18 ||    82
Dodge: Dodged            |    52 |    76 |    51 ||   179

Table legend: (Time is in decaauts)
 A = Elapsed time spent in this place.
 B = Non-inter-level travel time spent in this place.
 C = Inter-level travel time spent in this place.
 D = Time resting spent in this place.
 E = Time spent auto-exploring this place.
 F = Levels seen in this place.
 G = Mean time per level.
                   A        B        C        D        E       F      G
               +--------+--------+--------+--------+--------+-----+--------+
         Total |   7959 |   7830 |    129 |      0 |   6996 |   7 | 1137.0 |
       Dungeon |   7959 |   7830 |    129 |      0 |   6996 |   7 | 1137.0 |
               +--------+--------+--------+--------+--------+-----+--------+

Top non-repeatable levels by time:
     D:3: 2018 daAuts
     D:5: 1810 daAuts
     D:4: 1347 daAuts
     D:2: 1099 daAuts
     D:1: 1098 daAuts
     D:6: 550 daAuts
     D:7: 34 daAuts
